MapleLeafs vs Wild

Created - February-04-13 at 19:12

Goals
1 2 3 T
MapleLeafs 2 4 0 6
Wild 0 0 3 3
Shots
1 2 3 T
MapleLeafs 14 10 4 28
Wild 0 6 11 17

1st period

1. MapleLeafs , Evgeni Malkin 19 (Mike Fisher, Hal Gill) at 2:53
2. MapleLeafs , Greg Zanon 3 (Adam Hall, Jonathan Ericsson) at 8:22

Penalties :
Matt Bradley (MIN) for Hooking (Minor) at 6:11, Bobby Ryan (MIN) for Holding (Minor) at 9:29

2nd period

3. MapleLeafs , Evgeni Malkin 20 (Mike Fisher) at 0:20
4. MapleLeafs , Vincent Lecavalier 11 (Kris Versteeg) at 12:37 (PP)
5. MapleLeafs , Chuck Kobasew 2 (Vernon Fiddler, Greg Zanon) at 16:02
6. MapleLeafs , Kris Versteeg 13 (Vincent Lecavalier, Jay Harrison) at 16:22

Penalties :
Carl Gunnarsson (MIN) for Hooking (Minor) at 0:30, Jay Harrison (TOR) for Hooking (Minor) at 1:41, Bobby Ryan (MIN) for Roughing (Minor) at 4:15, Matt Bradley (MIN) for High sticking (Minor) at 9:02, Dan Hamhuis (MIN) for Holding (Minor) at 12:05, Alexei Ponikarovsky (MIN) for Boarding (Minor) at 18:55

3rd period

7. Wild , Jason Arnott 8 (Milan Hejduk, Fedor Tyutin) at 7:25
8. Wild , Bobby Ryan 17 (Nicklas Lidstrom, Patrik Berglund) at 9:55 (PP)
9. Wild , Nicklas Lidstrom 6 (Fedor Tyutin, Patrik Berglund) at 11:52 (PP)

Penalties :
Derek Dorsett (TOR) for High sticking (Minor) at 1:04, Jonathan Ericsson (TOR) for Hooking (Minor) at 9:49, Jordin Tootoo (TOR) for Roughing (Minor) at 11:08, Nicklas Lidstrom (MIN) for Fighting (Major) at 15:02, Victor Hedman (TOR) for Fighting (Major) at 15:02, Fedor Tyutin (MIN) for Fighting (Major) at 15:02, Drew Doughty (TOR) for Fighting (Major) at 15:02, Drew Doughty (TOR) for instigated a fight (Game Misconduct) at 15:02, Brian Gionta (MIN) for Fighting (Major) at 15:02, Evgeni Malkin (TOR) for Fighting (Major) at 15:02, Milan Michalek (MIN) for Elbowing (Minor) at 15:02, Olli Jokinen (MIN) for Boarding (Minor) at 15:02, Mike Fisher (TOR) for High sticking (Minor) at 15:02, Patrick Marleau (TOR) for Slashing (Minor) at 15:02, Jonathan Ericsson (TOR) for Hooking (Minor) at 19:43

Goalie Stats

Ryan Miller (TOR), 14 saves from 17 shots - (0.824), W, 25-21-4, 60:00 minutes
Niklas Backstrom (MIN), 18 saves from 23 shots - (0.783), L, 30-17-4, 36:02 minutes
Yann Danis (MIN), 4 saves from 5 shots - (0.800), 23:58 minutes

Players Stats for MapleLeafs

Player Name              G  A  P  +/- PIM S  H  SB GA TA FO     MP     PP MP  PK MP  
------------------------------------------------------------------------------------
Adam Hall                0  1  1   1  0   1  1  0  0  0  3/7    12:03   0:00   4:01 
Adam Henrique            0  0  0   0  0   1  0  0  0  0  3/4    20:27   5:25   2:36 
Chuck Kobasew            1  0  1   1  0   2  0  0  0  0  0/0     6:26   0:00   0:00 
Derek Dorsett            0  0  0   1  2   1  1  0  0  0  5/8     9:56   0:00   0:00 
Drew Doughty             0  0  0  -1  17  1  0  1  0  0  0/0    22:51   6:28   1:49 
Evgeni Malkin            2  0  2   2  5   5  1  0  0  0  2/3    21:54   6:13   2:24 
Greg Zanon               1  1  2   2  0   2  2  1  0  0  0/0    15:49   0:14   2:39 
Hal Gill                 0  1  1   2  0   0  0  1  0  0  0/0    19:44   5:10   3:36 
Jay Harrison             0  1  1   3  2   1  1  0  0  0  0/0    21:09   4:55   1:25 
Jonathan Ericsson        0  1  1   3  4   0  4  0  0  0  0/0    17:53   0:00   1:34 
Jordin Tootoo            0  0  0   1  2   0  1  0  0  0  0/0     8:01   0:00   0:00 
Kris Versteeg            1  1  2   0  0   3  0  0  0  0  1/2    17:51   5:25   0:00 
Mike Fisher              0  2  2   2  2   3  3  0  0  0  12/24  22:41   6:13   1:16 
Patrick Marleau          0  0  0   2  2   3  1  0  0  0  0/1    20:51   6:13   0:14 
Philippe Dupuis          0  0  0   1  0   0  1  0  0  0  0/1     6:26   0:00   0:00 
Vernon Fiddler           0  1  1   1  0   0  0  0  0  0  1/6     6:26   0:00   0:00 
Victor Hedman            0  0  0  -1  5   0  2  0  0  0  0/0    22:29   6:28   1:27 
Vincent Lecavalier       1  1  2   0  0   5  2  0  0  0  11/20  17:51   5:25   0:00 

Players Stats for Wild

Player Name              G  A  P  +/- PIM S  H  SB GA TA FO     MP     PP MP  PK MP  
------------------------------------------------------------------------------------
Alexei Ponikarovsky      0  0  0  -1  2   0  2  1  0  0  0/0    13:49   0:00   3:28 
Bobby Ryan               1  0  1  -2  4   1  2  0  0  0  0/2    19:03   1:44   0:00 
Brian Gionta             0  0  0  -1  5   2  1  0  0  0  2/2    22:35   2:28   6:39 
Brian Rolston            0  0  0  -1  0   1  0  0  0  0  1/1    11:30   0:04   0:00 
Carl Gunnarsson          0  0  0  -1  2   0  0  1  0  0  0/0    14:52   0:14   4:26 
Dan Hamhuis              0  0  0  -3  2   1  3  1  0  0  0/0    23:08   2:13   4:37 
Fedor Tyutin             0  2  2   0  5   1  1  1  0  0  0/0    19:30   1:47   0:10 
Henrik Tallinder         0  0  0  -1  0   0  0  2  0  0  0/0    16:11   0:00   7:34 
Jason Arnott             1  0  1  -1  0   2  3  0  0  0  5/13   13:55   0:00   0:08 
Manny Malhotra           0  0  0  -1  0   1  0  0  0  0  10/19  12:52   0:00   7:07 
Matt Bradley             0  0  0  -1  4   0  2  0  0  0  0/0     5:46   0:00   0:00 
Michael Stone            0  0  0   0  0   0  1  0  0  0  0/0     8:21   0:02   6:29 
Milan Hejduk             0  1  1  -1  0   0  1  0  0  0  0/1    16:15   1:30   1:31 
Milan Michalek           0  0  0  -1  2   2  0  0  0  0  0/1    17:27   2:46   0:00 
Nicklas Lidstrom         1  1  2  -1  5   1  0  1  0  0  0/0    19:41   1:47   0:00 
Olli Jokinen             0  0  0  -1  2   2  1  0  0  0  12/23  18:15   2:46   0:00 
Patrik Berglund          0  2  2  -1  0   1  1  1  0  0  8/14   14:00   1:30   4:23 
Tom Gilbert              0  0  0  -2  0   2  1  0  0  0  0/0    18:13   2:29   0:00 

3 Stars

1 - Greg Zanon (TOR)
2 - Vincent Lecavalier (TOR)
3 - Evgeni Malkin (TOR)

Power Play

MapleLeafs - 1 on 7 Attempt(s) - 14.29%
Wild - 2 on 6 Attempt(s) - 33.33%

Penalty Kill

MapleLeafs - 4 on 6 Attempt(s) - 66.67% - Score 0 goal in Penalty Kill
Wild - 6 on 7 Attempt(s) - 85.71% - Score 0 goal in Penalty Kill

Official

Referees : Tom Kowal and Francis Charron
Linesman : Scott Cherrey and Brad Kovachik

Game Notes

Yann Danis enters game at 16:02 of 2nd period
General Fight at 15:02 of 3rd period
Victor Hedman beats up Nicklas Lidstrom at 15:02 of 3rd period
Fedor Tyutin and Drew Doughty fight to a draw at 15:02 of 3rd period
Drew Doughty ejected from game at 15:02 of 3rd period
Drew Doughty from MapleLeafs is suspended for 1 game(s)
Brian Gionta beats up Evgeni Malkin at 15:02 of 3rd period

Finance

Level 1 -- Attendance: 6422 (98.80%) -- Ticket Income $642,200
Level 2 -- Attendance: 4658 (93.16%) -- Ticket Income $279,480
Level 3 -- Attendance: 3450 (98.57%) -- Ticket Income $120,750
Level 4 -- Attendance: 2064 (100.00%) -- Ticket Income $41,280
Luxury Box -- Attendance: 1000 (100.00%) -- Ticket Income $200,000
Game was played at the Xcel Energy Center
Total Attendance: 17594 (97.40%)
Total Ticket Income: $1,283,710
Other Income: $192,556
Total Income: $1,476,266


% Time on Ice - MapleLeafs

Lines # - Real PCT - Wanted PCT - Time Play
Normal Forward
1 - 35% - 32% - 14:25
2 - 30% - 30% - 12:26
3 - 19% - 22% - 8:02
4 - 16% - 16% - 6:26
Normal Defense
1 - 41% - 33% - 16:47
2 - 25% - 27% - 10:16
3 - 24% - 24% - 10:04
4 - 10% - 16% - 4:12
PP Forward
1 - 53% - 53% - 6:13
2 - 47% - 47% - 5:25
PP Defense
1 - 56% - 54% - 6:28
2 - 44% - 46% - 5:10
PK Forward
1 - 70% - 53% - 3:00
2 - 30% - 47% - 1:16
PK Defense
1 - 57% - 53% - 2:27
2 - 43% - 47% - 1:49
PK3 Forward
1 - 51% - 60% - 1:01
2 - 49% - 40% - 0:58
PK3 Defense
1 - 58% - 52% - 1:09
2 - 42% - 48% - 0:50
44 Forward
1 - 100% - 60% - 0:48
2 - 0% - 40% - 0:00
44 Defense
1 - 63% - 60% - 0:30
2 - 38% - 40% - 0:18
Last Minute Offensive  - 0:00
Last Minute Defensive  - 0:00
Total
Forward - 60:00
Defense - 60:00

% Time on Ice - Wild

Lines # - Real PCT - Wanted PCT - Time Play
Normal Forward
1 - 36% - 40% - 14:42
2 - 32% - 30% - 13:14
3 - 20% - 20% - 8:07
4 - 13% - 10% - 5:16
Normal Defense
1 - 48% - 40% - 19:46
2 - 31% - 30% - 13:00
3 - 20% - 20% - 8:12
4 - 1% - 10% - 0:21
PP Forward
1 - 65% - 60% - 2:46
2 - 35% - 40% - 1:30
PP Defense
1 - 48% - 60% - 2:03
2 - 52% - 40% - 2:13
PK Forward
1 - 62% - 60% - 7:15
2 - 38% - 40% - 4:23
PK Defense
1 - 56% - 60% - 6:29
2 - 44% - 40% - 5:09
PK3 Forward
1 - 0% - 60%
2 - 0% - 40%
PK3 Defense
1 - 0% - 60%
2 - 0% - 40%
44 Forward
1 - 100% - 60% - 2:47
2 - 0% - 40% - 0:00
44 Defense
1 - 57% - 60% - 1:35
2 - 43% - 40% - 1:12
Last Minute Offensive  - 0:00
Last Minute Defensive  - 0:00
Total
Forward - 60:00
Defense - 60:00

Play by Play

1st period


0:01 of 1st period - Mike Fisher wins face-off versus Olli Jokinen in neutral zone.
0:22 of 1st period - Shot by Evgeni Malkin.
0:22 of 1st period - Stopped by Niklas Backstrom without a rebound.
0:23 of 1st period - Vincent Lecavalier wins face-off versus Jason Arnott in Wild zone.
0:23 of 1st period - Vincent Lecavalier is hit by Dan Hamhuis.
0:53 of 1st period - Shot by Vincent Lecavalier.
0:53 of 1st period - Deflect By Kris Versteeg.
0:53 of 1st period - Shot Misses the Net.
0:55 of 1st period - Shot by Jay Harrison.
0:55 of 1st period - Stopped by Niklas Backstrom without a rebound.
0:56 of 1st period - Patrik Berglund wins face-off versus Derek Dorsett in Wild zone.
1:18 of 1st period - Patrik Berglund is hit by Greg Zanon and loses puck.
1:27 of 1st period - Derek Dorsett is hit by Alexei Ponikarovsky and loses puck.
2:25 of 1st period - Shot by Vernon Fiddler.
2:25 of 1st period - Shot Blocked by Nicklas Lidstrom.
2:53 of 1st period - Shot by Evgeni Malkin.
2:53 of 1st period - Goal by Evgeni Malkin - MapleLeafs : 1 - Wild : 0.
2:54 of 1st period - Adam Henrique wins face-off versus Milan Hejduk in neutral zone.
4:06 of 1st period - Shot by Mike Fisher.
4:06 of 1st period - Shot Blocked by Alexei Ponikarovsky.
5:47 of 1st period - Shot by Derek Dorsett.
5:47 of 1st period - Stopped by Niklas Backstrom without a rebound.
5:48 of 1st period - Vincent Lecavalier wins face-off versus Manny Malhotra in Wild zone.
6:11 of 1st period - Minor Penalty to Matt Bradley for Hooking.
6:12 of 1st period - Manny Malhotra wins face-off versus Kris Versteeg in Wild zone.
6:25 of 1st period - Shot by Kris Versteeg.
6:25 of 1st period - Stopped by Niklas Backstrom without a rebound.
6:26 of 1st period - Manny Malhotra wins face-off versus Vincent Lecavalier in Wild zone.
6:56 of 1st period - Kris Versteeg is hit by Michael Stone.
8:20 of 1st period - Shot by Adam Hall.
8:20 of 1st period - Stopped by Niklas Backstrom with a rebound.
8:22 of 1st period - Shot by Greg Zanon.
8:22 of 1st period - Goal by Greg Zanon - MapleLeafs : 2 - Wild : 0.
8:23 of 1st period - Vernon Fiddler wins face-off versus Patrik Berglund in neutral zone.
8:30 of 1st period - Shot by Chuck Kobasew.
8:30 of 1st period - Shot Misses the Net.
8:46 of 1st period - Icing by Chuck Kobasew.
8:47 of 1st period - Jason Arnott wins face-off versus Vernon Fiddler in MapleLeafs zone.
8:47 of 1st period - Jason Arnott is hit by Jonathan Ericsson.
9:02 of 1st period - Chuck Kobasew is hit by Dan Hamhuis and loses puck.
9:08 of 1st period - Vernon Fiddler is hit by Tom Gilbert.
9:23 of 1st period - Jay Harrison is hit by Jason Arnott and loses puck.
9:27 of 1st period - Hal Gill is hit by Bobby Ryan and loses puck.
9:29 of 1st period - Minor Penalty to Bobby Ryan for Holding.
9:30 of 1st period - Manny Malhotra wins face-off versus Mike Fisher in Wild zone.
9:39 of 1st period - Shot by Drew Doughty.
9:39 of 1st period - Stopped by Niklas Backstrom without a rebound.
9:40 of 1st period - Manny Malhotra wins face-off versus Vincent Lecavalier in Wild zone.
10:01 of 1st period - Shot by Kris Versteeg.
10:01 of 1st period - Deflect By Vincent Lecavalier.
10:01 of 1st period - Stopped by Niklas Backstrom with a rebound.
10:03 of 1st period - Shot by Hal Gill.
10:03 of 1st period - Shot Misses the Net.
10:05 of 1st period - Shot by Vincent Lecavalier.
10:05 of 1st period - Stopped by Niklas Backstrom without a rebound.
10:06 of 1st period - Manny Malhotra wins face-off versus Mike Fisher in Wild zone.
10:18 of 1st period - Off-side.
10:19 of 1st period - Adam Henrique wins face-off versus Manny Malhotra in neutral zone.
10:44 of 1st period - Shot by Alexei Ponikarovsky.
10:44 of 1st period - Shot Misses the Net.
11:02 of 1st period - Shot by Adam Henrique.
11:02 of 1st period - Stopped by Niklas Backstrom without a rebound.
11:03 of 1st period - Manny Malhotra wins face-off versus Mike Fisher in Wild zone.
11:27 of 1st period - Shot by Evgeni Malkin.
11:27 of 1st period - Stopped by Niklas Backstrom without a rebound.
11:28 of 1st period - Vincent Lecavalier wins face-off versus Patrik Berglund in Wild zone.
12:00 of 1st period - Jason Arnott is hit by Jonathan Ericsson.
15:02 of 1st period - Off-side.
15:03 of 1st period - Olli Jokinen wins face-off versus Vernon Fiddler in neutral zone.
16:54 of 1st period - Icing by Jonathan Ericsson.
16:55 of 1st period - Vincent Lecavalier wins face-off versus Bobby Ryan in MapleLeafs zone.
17:00 of 1st period - Manny Malhotra is hit by Vincent Lecavalier and loses puck.
17:10 of 1st period - Icing by Nicklas Lidstrom.
17:11 of 1st period - Mike Fisher wins face-off versus Manny Malhotra in Wild zone.
17:19 of 1st period - Evgeni Malkin is hit by Fedor Tyutin and loses puck.
17:40 of 1st period - Shot by Evgeni Malkin.
17:40 of 1st period - Deflect By Patrick Marleau.
17:40 of 1st period - Stopped by Niklas Backstrom without a rebound.
17:41 of 1st period - Olli Jokinen wins face-off versus Derek Dorsett in Wild zone.
17:41 of 1st period - Olli Jokinen is hit by Jordin Tootoo.
17:46 of 1st period - Dan Hamhuis is hit by Derek Dorsett and loses puck.
18:03 of 1st period - Shot by Jordin Tootoo.
18:03 of 1st period - Deflect By Derek Dorsett.
18:03 of 1st period - Shot Blocked by Dan Hamhuis.
19:02 of 1st period - Shot by Patrick Marleau.
19:02 of 1st period - Shot Blocked by Henrik Tallinder.
19:04 of 1st period - Shot by Mike Fisher.
19:04 of 1st period - Shot Blocked by Patrik Berglund.
19:08 of 1st period - Shot by Evgeni Malkin.
19:08 of 1st period - Stopped by Niklas Backstrom without a rebound.
19:09 of 1st period - Jason Arnott wins face-off versus Adam Henrique in Wild zone.

2nd period


0:01 of 2nd period - Olli Jokinen wins face-off versus Mike Fisher in neutral zone.
0:20 of 2nd period - Shot by Evgeni Malkin.
0:20 of 2nd period - Goal by Evgeni Malkin - MapleLeafs : 3 - Wild : 0.
0:21 of 2nd period - Vincent Lecavalier wins face-off versus Jason Arnott in neutral zone.
0:21 of 2nd period - Vincent Lecavalier is hit by Bobby Ryan.
0:30 of 2nd period - Minor Penalty to Carl Gunnarsson for Hooking.
0:31 of 2nd period - Mike Fisher wins face-off versus Manny Malhotra in Wild zone.
0:58 of 2nd period - Shot by Patrick Marleau.
0:58 of 2nd period - Stopped by Niklas Backstrom without a rebound.
0:59 of 2nd period - Manny Malhotra wins face-off versus Vincent Lecavalier in Wild zone.
0:59 of 2nd period - Manny Malhotra is hit by Vincent Lecavalier.
1:22 of 2nd period - Shot by Adam Henrique.
1:22 of 2nd period - Shot Misses the Net.
1:34 of 2nd period - Shot by Kris Versteeg.
1:34 of 2nd period - Stopped by Niklas Backstrom with a rebound.
1:41 of 2nd period - Minor Penalty to Jay Harrison for Hooking.
1:42 of 2nd period - Mike Fisher wins face-off versus Olli Jokinen in MapleLeafs zone.
1:49 of 2nd period - Icing by Fedor Tyutin.
1:50 of 2nd period - Olli Jokinen wins face-off versus Mike Fisher in Wild zone.
1:50 of 2nd period - Olli Jokinen is hit by Evgeni Malkin.
2:02 of 2nd period - Drew Doughty is hit by Brian Gionta.
2:11 of 2nd period - Off-side.
2:12 of 2nd period - Olli Jokinen wins face-off versus Mike Fisher in neutral zone.
2:57 of 2nd period - Shot by Fedor Tyutin.
2:57 of 2nd period - Stopped by Ryan Miller without a rebound.
2:58 of 2nd period - Olli Jokinen wins face-off versus Mike Fisher in MapleLeafs zone.
2:59 of 2nd period - Shot by Tom Gilbert.
2:59 of 2nd period - Shot Misses the Net.
3:05 of 2nd period - Shot by Dan Hamhuis.
3:05 of 2nd period - Shot Blocked by Drew Doughty.
3:07 of 2nd period - Shot by Milan Michalek.
3:07 of 2nd period - Shot Misses the Net.
3:13 of 2nd period - Shot by Tom Gilbert.
3:13 of 2nd period - Shot Blocked by Greg Zanon.
3:25 of 2nd period - Shot by Olli Jokinen.
3:25 of 2nd period - Deflect By Milan Michalek.
3:25 of 2nd period - Stopped by Ryan Miller with a rebound.
3:59 of 2nd period - Shot by Chuck Kobasew.
3:59 of 2nd period - Stopped by Niklas Backstrom without a rebound.
4:00 of 2nd period - Derek Dorsett wins face-off versus Jason Arnott in Wild zone.
4:15 of 2nd period - Minor Penalty to Bobby Ryan for Roughing.
4:16 of 2nd period - Vincent Lecavalier wins face-off versus Manny Malhotra in Wild zone.
4:46 of 2nd period - Shot by Victor Hedman.
4:46 of 2nd period - Shot Misses the Net.
5:22 of 2nd period - Shot by Hal Gill.
5:22 of 2nd period - Shot Blocked by Henrik Tallinder.
5:43 of 2nd period - Brian Gionta is hit by Mike Fisher and loses puck.
6:18 of 2nd period - Shot by Derek Dorsett.
6:18 of 2nd period - Shot Blocked by Fedor Tyutin.
7:29 of 2nd period - Milan Michalek is hit by Jonathan Ericsson and loses puck.
7:52 of 2nd period - Shot by Alexei Ponikarovsky.
7:52 of 2nd period - Shot Misses the Net.
7:57 of 2nd period - Alexei Ponikarovsky is hit by Jonathan Ericsson and loses puck.
8:12 of 2nd period - Icing by Carl Gunnarsson.
8:13 of 2nd period - Evgeni Malkin wins face-off versus Patrik Berglund in Wild zone.
8:28 of 2nd period - Off-side.
8:29 of 2nd period - Vincent Lecavalier wins face-off versus Jason Arnott in neutral zone.
8:29 of 2nd period - Adam Henrique is hit by Jason Arnott and loses puck.
8:41 of 2nd period - Off-side.
8:42 of 2nd period - Mike Fisher wins face-off versus Manny Malhotra in neutral zone.
9:02 of 2nd period - Minor Penalty to Matt Bradley for High sticking.
9:03 of 2nd period - Kris Versteeg wins face-off versus Manny Malhotra in Wild zone.
11:10 of 2nd period - Shot by Chuck Kobasew.
11:10 of 2nd period - Shot Misses the Net.
11:26 of 2nd period - Shot by Chuck Kobasew.
11:26 of 2nd period - Deflect By Vernon Fiddler.
11:26 of 2nd period - Shot Misses the Net.
11:28 of 2nd period - Shot by Greg Zanon.
11:28 of 2nd period - Stopped by Niklas Backstrom without a rebound.
11:29 of 2nd period - Derek Dorsett wins face-off versus Olli Jokinen in Wild zone.
11:35 of 2nd period - Adam Hall is hit by Dan Hamhuis and loses puck.
12:05 of 2nd period - Minor Penalty to Dan Hamhuis for Holding.
12:06 of 2nd period - Mike Fisher wins face-off versus Manny Malhotra in Wild zone.
12:13 of 2nd period - Shot by Mike Fisher.
12:13 of 2nd period - Shot Misses the Net.
12:33 of 2nd period - Shot by Patrick Marleau.
12:33 of 2nd period - Stopped by Niklas Backstrom without a rebound.
12:34 of 2nd period - Vincent Lecavalier wins face-off versus Patrik Berglund in Wild zone.
12:35 of 2nd period - Shot by Kris Versteeg.
12:35 of 2nd period - Shot Misses the Net.
12:37 of 2nd period - Shot by Vincent Lecavalier.
12:37 of 2nd period - Goal by Vincent Lecavalier - MapleLeafs : 4 - Wild : 0.
12:38 of 2nd period - Vincent Lecavalier wins face-off versus Jason Arnott in neutral zone.
13:03 of 2nd period - Shot by Kris Versteeg.
13:03 of 2nd period - Shot Misses the Net.
13:09 of 2nd period - Shot by Vincent Lecavalier.
13:09 of 2nd period - Stopped by Niklas Backstrom without a rebound.
13:10 of 2nd period - Patrik Berglund wins face-off versus Mike Fisher in Wild zone.
13:26 of 2nd period - Patrick Marleau is hit by Alexei Ponikarovsky and loses puck.
13:49 of 2nd period - Shot by Patrik Berglund.
13:49 of 2nd period - Stopped by Ryan Miller with a rebound.
13:51 of 2nd period - Shot by Dan Hamhuis.
13:51 of 2nd period - Stopped by Ryan Miller without a rebound.
13:52 of 2nd period - Olli Jokinen wins face-off versus Vincent Lecavalier in MapleLeafs zone.
13:52 of 2nd period - Olli Jokinen is hit by Jay Harrison.
14:04 of 2nd period - Shot by Milan Michalek.
14:04 of 2nd period - Shot Blocked by Hal Gill.
14:47 of 2nd period - Icing by Nicklas Lidstrom.
14:48 of 2nd period - Olli Jokinen wins face-off versus Patrick Marleau in Wild zone.
14:50 of 2nd period - Nicklas Lidstrom is hit by Patrick Marleau and loses puck.
15:13 of 2nd period - Tom Gilbert is hit by Mike Fisher and loses puck.
15:20 of 2nd period - Shot by Mike Fisher.
15:20 of 2nd period - Shot Misses the Net.
16:02 of 2nd period - Shot by Vernon Fiddler.
16:02 of 2nd period - Deflect By Chuck Kobasew.
16:02 of 2nd period - Goal by Chuck Kobasew - MapleLeafs : 5 - Wild : 0.
16:02 of 2nd period - Yann Danis enters game.
16:03 of 2nd period - Patrik Berglund wins face-off versus Vincent Lecavalier in neutral zone.
16:22 of 2nd period - Shot by Kris Versteeg.
16:22 of 2nd period - Goal by Kris Versteeg - MapleLeafs : 6 - Wild : 0.
16:23 of 2nd period - Manny Malhotra wins face-off versus Vernon Fiddler in neutral zone.
16:38 of 2nd period - Philippe Dupuis is hit by Matt Bradley and loses puck.
18:10 of 2nd period - Icing by Patrick Marleau.
18:11 of 2nd period - Patrik Berglund wins face-off versus Mike Fisher in MapleLeafs zone.
18:16 of 2nd period - Shot by Patrik Berglund.
18:16 of 2nd period - Deflect By Brian Rolston.
18:16 of 2nd period - Stopped by Ryan Miller without a rebound.
18:17 of 2nd period - Olli Jokinen wins face-off versus Vincent Lecavalier in MapleLeafs zone.
18:47 of 2nd period - Shot by Vincent Lecavalier.
18:47 of 2nd period - Shot Misses the Net.
18:52 of 2nd period - Off-side.
18:53 of 2nd period - Derek Dorsett wins face-off versus Patrik Berglund in neutral zone.
18:55 of 2nd period - Minor Penalty to Alexei Ponikarovsky for Boarding.
18:56 of 2nd period - Brian Gionta wins face-off versus Mike Fisher in Wild zone.
19:15 of 2nd period - Shot by Mike Fisher.
19:15 of 2nd period - Shot Blocked by Carl Gunnarsson.
19:39 of 2nd period - Icing by Evgeni Malkin.
19:40 of 2nd period - Brian Gionta wins face-off versus Evgeni Malkin in MapleLeafs zone.
19:45 of 2nd period - Shot by Brian Gionta.
19:45 of 2nd period - Stopped by Ryan Miller with a rebound.

3rd period


0:01 of 3rd period - Mike Fisher wins face-off versus Manny Malhotra in neutral zone.
0:30 of 3rd period - Dan Hamhuis is hit by Mike Fisher.
1:03 of 3rd period - Jason Arnott is hit by Adam Hall and loses puck.
1:04 of 3rd period - Minor Penalty to Derek Dorsett for High sticking.
1:05 of 3rd period - Adam Hall wins face-off versus Olli Jokinen in MapleLeafs zone.
3:16 of 3rd period - Icing by Brian Rolston.
3:17 of 3rd period - Manny Malhotra wins face-off versus Vernon Fiddler in Wild zone.
4:15 of 3rd period - Vincent Lecavalier is hit by Jason Arnott and loses puck.
4:21 of 3rd period - Icing by Kris Versteeg.
4:22 of 3rd period - Olli Jokinen wins face-off versus Vincent Lecavalier in MapleLeafs zone.
4:25 of 3rd period - Shot by Brian Gionta.
4:25 of 3rd period - Shot Misses the Net.
4:33 of 3rd period - Shot by Milan Michalek.
4:33 of 3rd period - Stopped by Ryan Miller without a rebound.
4:34 of 3rd period - Mike Fisher wins face-off versus Jason Arnott in MapleLeafs zone.
5:29 of 3rd period - Icing by Victor Hedman.
5:30 of 3rd period - Vincent Lecavalier wins face-off versus Olli Jokinen in MapleLeafs zone.
6:11 of 3rd period - Shot by Olli Jokinen.
6:11 of 3rd period - Deflect By Brian Gionta.
6:11 of 3rd period - Shot Misses the Net.
6:16 of 3rd period - Milan Michalek is hit by Victor Hedman and loses puck.
6:52 of 3rd period - Henrik Tallinder is hit by Victor Hedman and loses puck.
7:23 of 3rd period - Shot by Milan Hejduk.
7:23 of 3rd period - Shot Misses the Net.
7:25 of 3rd period - Shot by Milan Hejduk.
7:25 of 3rd period - Deflect By Jason Arnott.
7:25 of 3rd period - Goal by Jason Arnott - MapleLeafs : 6 - Wild : 1.
7:26 of 3rd period - Manny Malhotra wins face-off versus Mike Fisher in neutral zone.
7:35 of 3rd period - Shot by Bobby Ryan.
7:35 of 3rd period - Shot Misses the Net.
8:40 of 3rd period - Shot by Olli Jokinen.
8:40 of 3rd period - Shot Misses the Net.
8:57 of 3rd period - Shot by Olli Jokinen.
8:57 of 3rd period - Shot Misses the Net.
9:10 of 3rd period - Icing by Milan Michalek.
9:11 of 3rd period - Derek Dorsett wins face-off versus Milan Michalek in Wild zone.
9:34 of 3rd period - Off-side.
9:35 of 3rd period - Jason Arnott wins face-off versus Philippe Dupuis in neutral zone.
9:49 of 3rd period - Minor Penalty to Jonathan Ericsson for Hooking.
9:50 of 3rd period - Patrik Berglund wins face-off versus Adam Hall in MapleLeafs zone.
9:55 of 3rd period - Shot by Bobby Ryan.
9:55 of 3rd period - Goal by Bobby Ryan - MapleLeafs : 6 - Wild : 2.
9:56 of 3rd period - Patrik Berglund wins face-off versus Derek Dorsett in neutral zone.
9:58 of 3rd period - Off-side.
9:59 of 3rd period - Jason Arnott wins face-off versus Vincent Lecavalier in neutral zone.
10:02 of 3rd period - Drew Doughty is hit by Milan Hejduk and loses puck.
10:42 of 3rd period - Shot by Vincent Lecavalier.
10:42 of 3rd period - Stopped by Yann Danis with a rebound.
11:08 of 3rd period - Minor Penalty to Jordin Tootoo for Roughing.
11:09 of 3rd period - Adam Hall wins face-off versus Olli Jokinen in MapleLeafs zone.
11:19 of 3rd period - Dan Hamhuis is hit by Greg Zanon and loses puck.
11:22 of 3rd period - Shot by Tom Gilbert.
11:22 of 3rd period - Shot Misses the Net.
11:24 of 3rd period - Shot by Milan Michalek.
11:24 of 3rd period - Deflect By Olli Jokinen.
11:24 of 3rd period - Stopped by Ryan Miller without a rebound.
11:25 of 3rd period - Olli Jokinen wins face-off versus Adam Hall in MapleLeafs zone.
11:28 of 3rd period - Shot by Tom Gilbert.
11:28 of 3rd period - Stopped by Ryan Miller without a rebound.
11:29 of 3rd period - Evgeni Malkin wins face-off versus Olli Jokinen in MapleLeafs zone.
11:42 of 3rd period - Shot by Milan Michalek.
11:42 of 3rd period - Shot Misses the Net.
11:48 of 3rd period - Shot by Dan Hamhuis.
11:48 of 3rd period - Deflect By Olli Jokinen.
11:48 of 3rd period - Stopped by Ryan Miller without a rebound.
11:49 of 3rd period - Patrik Berglund wins face-off versus Mike Fisher in MapleLeafs zone.
11:52 of 3rd period - Shot by Nicklas Lidstrom.
11:52 of 3rd period - Goal by Nicklas Lidstrom - MapleLeafs : 6 - Wild : 3.
11:53 of 3rd period - Mike Fisher wins face-off versus Olli Jokinen in neutral zone.
12:28 of 3rd period - Shot by Patrick Marleau.
12:28 of 3rd period - Shot Hit the Post.
12:30 of 3rd period - Shot by Evgeni Malkin.
12:30 of 3rd period - Shot Misses the Net.
12:32 of 3rd period - Shot by Mike Fisher.
12:32 of 3rd period - Shot Misses the Net.
12:36 of 3rd period - Shot by Mike Fisher.
12:36 of 3rd period - Stopped by Yann Danis with a rebound.
13:44 of 3rd period - Icing by Hal Gill.
13:45 of 3rd period - Derek Dorsett wins face-off versus Patrik Berglund in MapleLeafs zone.
14:06 of 3rd period - Hal Gill is hit by Patrik Berglund and loses puck.
14:16 of 3rd period - Off-side.
14:17 of 3rd period - Mike Fisher wins face-off versus Olli Jokinen in neutral zone.
14:28 of 3rd period - Shot by Mike Fisher.
14:28 of 3rd period - Stopped by Yann Danis with a rebound.
14:35 of 3rd period - Off-side.
14:36 of 3rd period - Jason Arnott wins face-off versus Vincent Lecavalier in neutral zone.
14:43 of 3rd period - Shot by Jason Arnott.
14:43 of 3rd period - Stopped by Ryan Miller without a rebound.
14:44 of 3rd period - Mike Fisher wins face-off versus Olli Jokinen in MapleLeafs zone.
14:59 of 3rd period - Shot by Brian Gionta.
14:59 of 3rd period - Stopped by Ryan Miller with a rebound.
15:02 of 3rd period - Victor Hedman beats up Nicklas Lidstrom.
15:02 of 3rd period - Penalty to Nicklas Lidstrom for Fighting.
15:02 of 3rd period - Penalty to Victor Hedman for Fighting.
15:02 of 3rd period - Fedor Tyutin and Drew Doughty fight to a draw.
15:02 of 3rd period - Penalty to Fedor Tyutin for Fighting.
15:02 of 3rd period - Penalty to Drew Doughty for Fighting.
15:02 of 3rd period - Penalty to Drew Doughty for instigated a fight.
15:02 of 3rd period - Drew Doughty is ejected from game.
15:02 of 3rd period - Brian Gionta beats up Evgeni Malkin.
15:02 of 3rd period - Penalty to Brian Gionta for Fighting.
15:02 of 3rd period - Penalty to Evgeni Malkin for Fighting.
15:02 of 3rd period - Minor Penalty to Milan Michalek for Elbowing.
15:02 of 3rd period - Minor Penalty to Olli Jokinen for Boarding.
15:02 of 3rd period - Minor Penalty to Mike Fisher for High sticking.
15:02 of 3rd period - Minor Penalty to Patrick Marleau for Slashing.
15:03 of 3rd period - Brian Rolston wins face-off versus Adam Hall in MapleLeafs zone.
15:42 of 3rd period - Shot by Brian Rolston.
15:42 of 3rd period - Shot Misses the Net.
16:10 of 3rd period - Jay Harrison is hit by Matt Bradley and loses puck.
16:25 of 3rd period - Shot by Manny Malhotra.
16:25 of 3rd period - Stopped by Ryan Miller without a rebound.
16:26 of 3rd period - Adam Henrique wins face-off versus Jason Arnott in MapleLeafs zone.
17:17 of 3rd period - Icing by Dan Hamhuis.
17:18 of 3rd period - Olli Jokinen wins face-off versus Vernon Fiddler in Wild zone.
17:46 of 3rd period - Dan Hamhuis is hit by Philippe Dupuis and loses puck.
18:19 of 3rd period - Shot by Mike Fisher.
18:19 of 3rd period - Stopped by Yann Danis without a rebound.
18:20 of 3rd period - Vincent Lecavalier wins face-off versus Jason Arnott in Wild zone.
18:28 of 3rd period - Off-side.
18:29 of 3rd period - Mike Fisher wins face-off versus Bobby Ryan in neutral zone.
18:58 of 3rd period - Shot by Bobby Ryan.
18:58 of 3rd period - Shot Misses the Net.
19:32 of 3rd period - Mike Fisher is hit by Olli Jokinen.
19:43 of 3rd period - Minor Penalty to Jonathan Ericsson for Hooking.
19:44 of 3rd period - Patrik Berglund wins face-off versus Adam Hall in MapleLeafs zone.
19:45 of 3rd period - Shot by Tom Gilbert.
19:45 of 3rd period - Stopped by Ryan Miller without a rebound.
19:46 of 3rd period - Adam Hall wins face-off versus Olli Jokinen in MapleLeafs zone.
19:55 of 3rd period - Shot by Tom Gilbert.
19:55 of 3rd period - Shot Misses the Net.


Output by the SimonT Hockey Simulator (STHS) for Stephane Roy -- Original Page W3C XHTML 1.0 Valid
Hockey Simulator - Hockey Simulation - Hockey Manager